AoeStats
← ixsea

Lombardia

510019692Analyzed
4v4 RM · 1d ago on Sep 29, 2026· 98m 28s· 8 players
Game mode
Random Map
Map size
Large (8 player)
Population
200
Speed
Normal
Resources
Standard
Victory
Conquest
Starting age
Dark Age
Ending age
Imperial Age
RankedLock teamsTeams togetherTeam positionsShared explorationLock speedFull tech treeHidden civsTurbo modeCheats
Victory
Defeat
🇲🇽 Georgians · Mexico
1428
+15
🇨🇳 Mongols · China
1386
+17
🇺🇸 Turks · United States
1336
+19
🇨🇳 Magyars · China
1325
+19
🇧🇷 Japanese · Brazil
1445
-19
🇧🇷 Varangians · Brazil
1444
-20
🇧🇷 Khitans · Brazil
1368
-16
🇧🇷 Saxons · Brazil
1338
-15
用爱感化队友
11:34 Feudal Age
15:58 Castle Age
15:10 Double-Bit Axe
15:33 Horse Collar
17:04 Bow Saw
22:08 Loom
23:10 Bloodlines
23:17 Town Watch
25:04 Wheelbarrow
24:40 Scale Barding Armor
25:33 Husbandry
26:54 Chain Barding Armor
26:44 Forging
29:32 Heavy Plow
30:34 Gold Mining
30:21 Light Cavalry
30:58 Stone Mining
33:43 Gold Shaft Mining
33:56 Stone Shaft Mining
35:25 Iron Casting
34:40 Fletching
34:50 Padded Archer Armor
35:29 Hand Cart
37:53 Imperial Age
37:17 Bodkin Arrow
37:38 Leather Archer Armor
38:23 Ballistics
37:57 Elite Mangudai
38:57 Conscription
38:21 Elite Steppe Lancer
38:22 Hussar
40:32 Blast Furnace
39:13 Capped Ram
41:57 Chemistry
42:16 Bracer
42:43 Parthian Tactics
42:24 Thumb Ring
44:09 Elite Mangudai
46:07 Siege Ram
47:21 Fortified Wall
47:22 Masonry
50:08 Hoardings
50:11 Caravan
56:32 Coinage
60:21 Drill
60:58 Heavy Scorpion
64:11 Siege Engineers
65:41 Onager
72:20 Heavy Camel Rider
hehe xd
13:53 Feudal Age
14:38 Double-Bit Axe
17:59 Castle Age
20:03 Loom
20:06 Double-Bit Axe
20:37 Gold Mining
24:21 Imperial Age
22:18 Horse Collar
23:45 Padded Archer Armor
25:40 Wheelbarrow
28:11 Leather Archer Armor
29:00 Wheelbarrow
33:16 Hand Cart
33:03 Scale Mail Armor
33:09 Town Watch
34:08 Gold Shaft Mining
36:17 Leather Archer Armor
47:56 Caravan
48:47 Artillery
50:33 Fortified Wall
54:50 Masonry
63:04 Ring Archer Armor
66:51 Bombard Tower
67:03 Architecture
66:24 Fletching
66:30 Treadmill Crane
67:10 Bodkin Arrow
67:35 Murder Holes
68:01 Bow Saw
70:25 Bracer
72:17 Coinage
74:24 Ballistics
77:50 Arrowslits
80:12 Scale Barding Armor
80:17 Forging
82:15 Bloodlines
82:05 Husbandry
82:32 Conscription
83:41 Hoardings
84:28 Chain Barding Armor
84:43 Iron Casting
85:26 Cavalier
89:45 Plate Barding Armor
92:41 Blast Furnace
95:21 Guilds
ixsea
7:08 Loom
9:50 Feudal Age
11:27 Double-Bit Axe
12:03 Horse Collar
16:35 Scale Barding Armor
18:05 Bloodlines
19:21 Wheelbarrow
23:08 Castle Age
24:17 Chain Barding Armor
24:00 Husbandry
23:30 Light Cavalry
24:42 Bow Saw
26:58 Chain Barding Armor
30:18 Gold Mining
31:27 Fletching
32:44 Bodkin Arrow
34:23 Hand Cart
34:57 Heavy Plow
36:57 Thumb Ring
40:11 Imperial Age
37:46 Padded Archer Armor
38:43 Gold Shaft Mining
39:12 Stone Mining
40:34 Heavy Cavalry Archer
43:16 Two-Man Saw
41:46 Crossbowman
42:31 Bracer
42:53 Ballistics
44:32 Chemistry
44:24 Parthian Tactics
45:12 Leather Archer Armor
46:40 Ring Archer Armor
47:03 Crop Rotation
47:14 Plate Barding Armor
46:01 Hussar
48:23 Caravan
50:22 Conscription
50:04 Recurve Bow
53:30 Conscription
53:41 Devotion
58:41 Treadmill Crane
59:07 Siege Engineers
58:45 Capped Ram
61:15 Town Watch
61:01 Elite Magyar Huszar
62:17 Hoardings
61:44 Corvinian Army
61:55 Onager
70:47 Murder Holes
71:03 Masonry
.|.
8:17 Loom
10:38 Feudal Age
14:59 Castle Age
13:14 Horse Collar
13:35 Double-Bit Axe
16:05 Wheelbarrow
24:38 Heavy Plow
25:27 Svan Towers
25:39 Fletching
27:43 Ballistics
27:59 Guard Tower
30:10 Bow Saw
29:52 Gold Mining
33:21 Imperial Age
31:37 Bodkin Arrow
31:59 Hand Cart
31:30 Town Watch
31:57 Stone Mining
32:39 Forging
32:36 Scale Barding Armor
32:30 Treadmill Crane
32:46 Murder Holes
34:12 Stone Shaft Mining
34:16 Iron Casting
33:12 Pikeman
34:23 Scale Mail Armor
34:29 Squires
34:14 Gambesons
34:15 Arson
36:01 Chemistry
35:36 Keep
34:47 Arrowslits
35:13 Masonry
35:02 Halberdier
36:43 Blast Furnace
35:44 Bracer
36:00 Bloodlines
35:51 Husbandry
35:51 Light Cavalry
37:56 Chain Mail Armor
38:02 Chain Barding Armor
37:57 Hussar
39:11 Conscription
42:08 Plate Mail Armor
42:27 Plate Barding Armor
60:20 Aznauri Cavalry
73:58 Caravan
74:20 Guilds
92:42 Heavy Scorpion
TmZ_razi
7:34 Loom
10:03 Feudal Age
12:16 Forging
12:56 Scale Barding Armor
16:54 Double-Bit Axe
17:55 Domestication
25:33 Castle Age
24:34 Gold Mining
25:47 Stone Mining
25:36 Light Cavalry
26:17 Husbandry
26:40 Chain Barding Armor
27:08 Wheelbarrow
26:18 Town Watch
27:28 Iron Casting
27:52 Bow Saw
31:24 Hand Cart
37:20 Imperial Age
37:11 Scale Mail Armor
37:26 Fletching
37:58 Ballistics
38:45 Plate Barding Armor
37:33 Elite Steppe Lancer
39:32 Conscription
41:43 Caravan
42:13 Coinage
43:11 Pastoralism
44:12 Two-Man Saw
43:31 Chain Mail Armor
43:45 Murder Holes
44:02 Masonry
45:35 Bodkin Arrow
46:45 Chemistry
45:57 Padded Archer Armor
46:15 Lamellar Armor
46:36 Bracer
45:58 Elite Skirmisher
46:45 Thumb Ring
47:15 Leather Archer Armor
48:00 Hussar
51:08 Ring Archer Armor
52:09 Coinage
52:04 Siege Engineers
52:02 Gambesons
52:02 Arson
53:12 Plate Mail Armor
52:46 Squires
54:06 Treadmill Crane
54:30 Elite Liao Dao
55:57 Banking
55:37 Guilds
56:26 Ordo Cavalry
57:23 Fortified Wall
58:31 Heavy Rocket Cart
61:02 Guilds
62:56 Capped Ram
63:49 Siege Ram
65:12 Elite Fire Lancer
68:59 Heavy Camel Rider
70:31 Town Patrol
75:18 Transhumance
78:35 Pikeman
TmZ_Mosquito Sedutor
10:15 Loom
13:31 Feudal Age
17:34 Castle Age
15:25 Double-Bit Axe
15:23 Horse Collar
19:04 Bow Saw
18:56 Heavy Plow
19:46 Wheelbarrow
27:23 Gold Mining
27:24 Stone Mining
31:51 Imperial Age
29:37 Fortified Wall
29:34 Town Watch
30:17 Hand Cart
31:31 Husbandry
31:42 Bloodlines
31:58 Scale Barding Armor
32:04 Forging
32:07 Cavalier
33:23 Chain Barding Armor
34:13 Iron Casting
34:07 Conscription
33:17 Vendel Legacy
35:33 Plate Barding Armor
35:50 Caravan
37:06 Blast Furnace
41:27 Two-Man Saw
41:03 Crop Rotation
40:39 Town Patrol
41:21 Stone Shaft Mining
43:43 Capped Ram
44:26 Scale Mail Armor
45:56 Light Cavalry
47:42 Chain Mail Armor
49:21 Hussar
50:52 Arson
51:07 Squires
51:39 Plate Mail Armor
51:36 Gambesons
51:11 Elite Varangian Guard
55:42 Fletching
57:40 Bodkin Arrow
58:13 Gothikon
60:08 Siege Ram
TmZ_Noda
11:19 Feudal Age
15:17 Castle Age
13:29 Double-Bit Axe
13:38 Gold Mining
13:30 Horse Collar
26:20 Wheelbarrow
25:33 Town Watch
26:36 Bow Saw
31:31 Imperial Age
29:21 Fletching
29:32 Padded Archer Armor
29:49 Heavy Plow
30:19 Caravan
30:21 Bodkin Arrow
31:20 Leather Archer Armor
31:28 Ballistics
31:43 Murder Holes
32:15 Bracer
32:41 Parthian Tactics
31:38 Heavy Cavalry Archer
33:41 Chemistry
33:26 Hand Cart
33:00 Arrowslits
33:09 Guard Tower
33:29 Stone Mining
34:15 Gold Shaft Mining
35:14 Coinage
36:19 Keep
36:15 Ring Archer Armor
36:00 Masonry
35:35 Treadmill Crane
37:02 Two-Man Saw
44:21 Yasama
44:47 Conscription
46:54 Kataparuto
47:45 Scale Mail Armor
47:57 Forging
47:41 Pikeman
48:21 Squires
48:06 Arson
48:44 Halberdier
54:53 Bloodlines
54:43 Husbandry
56:18 Banking
56:09 Elite Skirmisher
67:12 Chain Mail Armor
67:33 Iron Casting
67:13 Fortified Wall
70:10 Loom
71:27 Blast Furnace
70:58 Plate Mail Armor
72:09 Scale Barding Armor
71:26 Light Cavalry
73:25 Capped Ram
80:12 Chain Barding Armor
82:36 Onager
TmZ_Zanat
7:27 Loom
10:09 Feudal Age
10:53 Double-Bit Axe
13:16 Man-at-Arms
14:37 Arson
18:27 Forging
21:33 Castle Age
20:56 Scale Mail Armor
21:45 Horse Collar
21:53 Long Swordsman
22:35 Squires
22:21 Gambesons
23:16 Iron Casting
27:48 Wheelbarrow
29:17 Town Watch
32:23 Fletching
32:53 Padded Archer Armor
33:09 Masonry
34:49 Bodkin Arrow
35:28 Bow Saw
35:26 Heavy Plow
36:05 Leather Archer Armor
37:08 Gold Mining
37:08 Stone Mining
40:10 Imperial Age
38:01 Thumb Ring
38:16 Chain Mail Armor
39:18 Ballistics
41:13 Hand Cart
42:02 Two-Man Saw
41:33 Crop Rotation
40:46 Cranequins
42:30 Conscription
44:09 Heavy Mounted Crossbowman
46:06 Husbandry
45:35 Pikeman
47:33 Plate Mail Armor
48:12 Bloodlines
50:11 Chemistry
49:51 Bracer
52:53 Two-Handed Swordsman
54:19 Fortified Wall
56:23 Halberdier
57:36 Ring Archer Armor
58:23 Hoardings
59:23 Shield Wall
60:14 Elite Hearth Troop
61:27 Caravan
61:57 Champion
65:57 Siege Engineers
70:36 Elite Skirmisher
78:08 Capped Ram
78:18 Light Cavalry
79:09 Scale Barding Armor
78:54 Hussar
80:56 Architecture
80:08 Treadmill Crane
88:57 Siege Ram
Connection lost

Rejoining the realm…

Still unreachable

The connection could not be restored.

Session expired

The server has moved on; the page needs a fresh start.